[Event "21st Maccabiah GM 2022"]
[Site "?"]
[Date "2022.07.19"]
[Round "6.4"]
[White "Yarmonov, Igor"]
[Black "Smirin, Ilia"]
[Result "0-1"]
[ECO "E91"]
[WhiteElo "2372"]
[BlackElo "2601"]
[Annotator "TA"]
[PlyCount "82"]
[EventDate "2022.07.13"]
[EventType "tourn"]
[EventCountry "ISR"]
[SourceTitle "playchess.com"]
[Source "ChessBase"]
[SourceQuality "1"]
[TimeControl "40/5400+30:1800+30"]

1. d4 Nf6 2. c4 g6 3. Nc3 Bg7 4. e4 d6 5. Be2 O-O 6. Nf3 Na6 7. a3 {[%emt 0:03:22] E91: King's Indian: Classical: 6 Be2, unusual replies including 6...c5 and 6...Bg4.} c5 8. d5 e6 $5 {[%emt 0:00:53][%mdl 4] Leaves trodden paths.} 9. dxe6 {[%emt 0:00:23] White is slightly better.} Bxe6 {[%emt 0:00:14] [#]} 10. O-O $146 ({Predecessor:} 10. Bf4 Re8 11. Qc2 Nh5 12. Bg5 Bf6 13. Be3 Bd7 14. O-O Bc6 15. Nd2 Ng7 16. Rad1 {1-0 (44) Szabo,M (2009)-Dehaybe,A (1940) LSS email 2008}) 10... Re8 11. Bf4 Bg4 12. Nd2 ({Reject} 12. Qxd6 Qxd6 13. Bxd6 Nxe4 14. Nxe4 Rxe4 $17) ({Much weaker is} 12. Bxd6 Nxe4 13. Nxe4 Rxe4 $15) (12. Qc2 $14) 12... Bxe2 $11 13. Qxe2 Nc7 14. f3 Ne6 15. Be3 Nh5 16. Qd1 a6 17. Rb1 Rb8 18. a4 Nhf4 19. Nb3 Qg5 {[%emt 0:01:18][%csl Gf4][%cal Rg5g2] [#]} 20. Bxf4 Nxf4 21. g3 Nh5 {[%emt 0:04:03][%cal Oh5g3] aiming for ...Nxg3!} 22. Rf2 b5 23. axb5 Bxc3 24. bxc3 {[%emt 0:00:04] Na5 is the strong threat.} axb5 25. cxb5 Rxb5 26. Nd2 Rxb1 27. Qxb1 Qe3 28. Qc2 (28. Nc4 $5 Qxc3 29. Nxd6 $14) 28... Ra8 (28... Qg5 $11 {should be considered.}) 29. Nf1 (29. Nc4 $5 Ra1+ 30. Kg2 $14) 29... Qg5 30. Qd2 Qe7 31. Ne3 Nf6 (31... Ra1+ {seems wilder.} 32. Kg2 Nf6 33. Nc4 Ne8) 32. Nd5 Nxd5 33. Qxd5 {[%emt 0:00:13][%mdl 4096] Endgame KQR-KQR} Ra3 34. c4 h5 35. h4 Rc3 36. Kg2 Qf6 37. f4 $1 Qd4 {[%emt 0:00:58] Strongly threatening ...Qe3.} 38. Qxd4 cxd4 39. f5 d3 {[%emt 0:00:17] Threatens to win with ...Rc2.} 40. fxg6 $2 {[%emt 0:00:16][%mdl 8192] [#]} (40. Kf3 $15) 40... Rc2 $1 41. gxf7+ Kf8 {[%emt 0:30:03] Weighted Error Value: White=0.30/Black=0.05 (flawless)} 0-1

[Event "21st Maccabiah GM 2022"]
[Site "?"]
[Date "2022.07.19"]
[Round "6.5"]
[White "Parkhov, Yair"]
[Black "Tzidkiya, Yeshaayahu"]
[Result "1-0"]
[ECO "E11"]
[WhiteElo "2468"]
[BlackElo "2419"]
[Annotator "TA"]
[PlyCount "53"]
[EventDate "2022.07.13"]
[EventType "tourn"]
[EventCountry "ISR"]
[SourceTitle "playchess.com"]
[Source "ChessBase"]
[SourceQuality "1"]
[TimeControl "40/5400+30:1800+30"]

1. d4 Nf6 2. c4 e6 3. Nf3 Bb4+ 4. Bd2 a5 5. a3 Be7 6. Nc3 {[%emt 0:00:30] E11: Bogo-Indian.} d5 {[%emt 0:00:30] Against e4} 7. Bf4 O-O 8. e3 {[%emt 0:00:30] White is slightly better.} b6 9. cxd5 exd5 {[%emt 0:00:30] [#]} 10. Bd3 $146 ({Predecessor:} 10. Rc1 c5 11. Bb5 Bb7 12. Ne5 Ne8 13. h4 Nc7 14. Bd3 Ne6 15. Qg4 Nxf4 16. Qxf4 {½-½ (30) Krysa,L (2531)-Cramling,P (2452) Gibraltar 2022}) 10... Ba6 11. O-O c5 (11... Bxd3 $11 {keeps the balance.} 12. Qxd3 c6) 12. Bxa6 {[%emt 0:00:30] 0x0.001e39dad8badp-1022s more active pieces. Black is on the road to losing.} Nxa6 13. Qb3 Bd6 14. Be5 c4 15. Qb5 {[%emt 0:00:30] Black must now prevent Bxf6.} Nc7 16. Qxb6 Ra6 17. Qb7 Qd7 18. Bxf6 Rfa8 {[%emt 0:00:30] [#]} 19. Ne5 $1 (19. Nxd5 R6a7 20. Qxa8+ (20. Nb6 Qe6 $14) 20... Nxa8 $16) 19... Qe6 {[%emt 0:00:30] [#]} 20. e4 $1 {[%emt 0:00:30] Threatens to win with Bh4.} gxf6 (20... R6a7 21. Qc6) 21. exd5 ({And not} 21. Nxd5 R6a7 22. Nxc7 Bxc7 $17) 21... Nxd5 22. Nxf7 ({But not} 22. Qxd5 $6 Qxd5 23. Nxd5 fxe5 $16) ({Weaker is} 22. Nxc4 Nxc3 23. bxc3 Qxc4 $19) 22... Nxc3 (22... Qxf7 $142 23. Qxd5 Rb8) 23. Nh6+ $18 Kh8 {[%emt 0:00:30] aiming for ...Ne2+.} 24. bxc3 Bf4 25. Rfe1 Qb6 $2 {[%emt 0:00:30] [#]} (25... Qc8 26. Nf7+ Kg7) 26. Qf7 $1 {[%emt 0:00:30] White threatens Re8+ and mate.} Bxh6 (26... Qd8 27. Re7) 27. Re7 {[%emt 0:00:30] Weighted Error Value: White=0.05 (flawless) /Black=0.54} 1-0

[Event "21st Maccabiah GM 2022"]
[Site "?"]
[Date "2022.07.19"]
[Round "6.8"]
[White "Berenboym, Igor"]
[Black "Kirsch, Yahel David"]
[Result "1-0"]
[ECO "B23"]
[WhiteElo "2097"]
[BlackElo "1626"]
[Annotator "TA"]
[PlyCount "93"]
[EventDate "2022.07.13"]
[EventType "tourn"]
[EventCountry "ISR"]
[SourceTitle "playchess.com"]
[Source "ChessBase"]
[SourceQuality "1"]
[TimeControl "40/5400+30:1800+30"]

1. e4 c5 2. Nc3 a6 3. g3 Nc6 4. Bg2 d6 5. d3 g6 6. f4 {[%emt 0:00:30] B23: Closed Sicilian: Lines without g3.} Bg7 7. Nf3 Rb8 8. O-O {[%emt 0:00:30] The position is equal.} b5 {[%emt 0:00:30] [#]} 9. f5 $146 ({Predecessor:} 9. a3 e6 10. h3 Nge7 11. Ne2 Qb6 12. Kh2 O-O 13. Rb1 d5 14. e5 d4 15. g4 {0-1 (32) Peycheva,G (1654)-Spassov,L (2322) Albena 2014}) 9... Nf6 10. h3 O-O 11. g4 Bb7 12. Qe1 (12. a3 {looks sharper.} d5 13. g5 Nh5 14. Nxd5 Nd4 15. f6) 12... Nd4 13. Nxd4 cxd4 14. Ne2 Qb6 15. Qf2 Nd7 (15... Qc5 $11 {remains equal.}) 16. Bg5 $16 Rbe8 17. Qh4 {[%emt 0:00:30] Prevents h6.} Qc5 (17... f6 $14 18. Bd2 e5) 18. Bxe7 Rxe7 {[%emt 0:00:30] [#]} 19. Qxe7 $2 (19. fxg6 $1 $16 hxg6 20. Qxe7) 19... Bf6 $1 $11 20. Qxd7 Bc8 {[%emt 0:00:30] This bishop pair is nice.} 21. b4 $1 Qb6 22. Qxc8 Rxc8 23. fxg6 Bg5 (23... Be5 $1 $11 24. gxh7+ (24. gxf7+ Kf8 $11) (24. Rxf7 hxg6 25. Raf1 Qd8 $15) 24... Kxh7) 24. gxf7+ (24. gxh7+ $1 $14 Kh8 25. Rxf7) 24... Kf8 25. Rf5 Be3+ 26. Kh1 Rxc2 27. Ng3 {[%emt 0:00:30] aiming for Raf1.} Qd8 (27... Qc6 $11 28. Nh5 Qc3) 28. e5 dxe5 29. Raf1 $36 {[%emt 0:00:30][%mdl 2048] White has good play. The board is on fire.} Bf4 30. Nh5 ({Better is} 30. Ne4 $14 h6 31. Rf6) 30... Qh4 31. Ng7 {[%emt 0:00:30] [#] White threatens Ne6+ and mate.} ({Don't blunder} 31. Nxf4 $2 exf4 32. Rc5 Rf2 $19) 31... Qh6 {[%emt 0:00:30] Inhibits Ne6+.} ({Black should play} 31... Rc6 $1 $11 32. Nh5 Rc2) 32. Nh5 $16 {[%emt 0:00:30][%cal Rh5f4] White is more active.} Bg5 {[%emt 0:00:30][%mdl 8192] Loses the game.} (32... Rc8 $16 33. a3 (33. Nxf4 exf4 34. R1xf4 Rc1+ 35. Kh2 Rd1 $16) 33... Rc2) 33. Rxe5 $18 Be7 34. Nf4 {[%emt 0:00:30][%cal Og4g5] Hoping for g5!} Bf6 {[%emt 0:00:30] Against g5} 35. g5 Bxe5 36. gxh6 {[%emt 0:00:30] White wants to mate with Ne6+.} Kxf7 37. Bd5+ Ke7 38. Be4 Kd6 39. Bxh7 Rxa2 40. Be4 {[%emt 0:00:30] Strongly threatening h7.} a5 41. bxa5 {[%emt 0:30:30] Black must now prevent Ng6.} b4 42. h7 (42. Ng6 $142 Rxa5 43. h7 Bg7 44. Rf7 Bh8 45. Nxh8 Rh5 46. Ng6 Rxh3+ 47. Kg2) 42... b3 43. Bd5 Rxa5 44. Bxb3 Ra8 45. Ng6 Bh8 46. Nxh8 Rxh8 47. Bg8 {[%emt 0:00:30] Weighted Error Value: White=0.22 (precise) /Black=0.66} 1-0

[Event "21st Maccabiah GM 2022"]
[Site "?"]
[Date "2022.07.20"]
[Round "7.1"]
[White "Tzidkiya, Yeshaayahu"]
[Black "Dvoirys, Semen I."]
[Result "1/2-1/2"]
[ECO "B95"]
[WhiteElo "2419"]
[BlackElo "2439"]
[Annotator "TA"]
[PlyCount "78"]
[EventDate "2022.07.13"]
[EventType "tourn"]
[EventCountry "ISR"]
[SourceTitle "playchess.com"]
[Source "ChessBase"]
[SourceQuality "1"]
[TimeControl "40/5400+30:1800+30"]

1. e4 c5 2. Nf3 d6 3. d4 cxd4 4. Nxd4 Nf6 5. Nc3 a6 6. Bg5 e6 7. f3 Be7 8. Qd2 Nbd7 9. Be2 {[%emt 0:00:30] B95: Sicilian Najdorf: 6 Bg5 e6, unusual White 7th moves.} b5 {[#]} (9... h6 $11 10. Be3 Qc7) 10. a4 $146 (10. Nc6 $16 Qc7 11. Nxe7 Kxe7 12. a3) ({Predecessor:} 10. Nc6 Qc7 11. Nxe7 Kxe7 12. f4 Bb7 13. Bf3 Rhe8 14. Rd1 Rad8 15. e5 dxe5 16. Bxb7 Qxb7 17. Qd6# {1-0 (17) Trakru,P (1911)-Robles Ortiz,C (1526) Toronto 2013}) 10... bxa4 (10... b4 $14 11. Na2 h6) 11. Rxa4 $2 (11. Nc6 $18 Qc7 12. Nxe7 Kxe7 13. Rxa4) 11... Bb7 $11 12. O-O O-O 13. Rfa1 Nc5 14. R4a3 $36 {[%emt 0:00:30][%mdl 2048] White has good play.} Qb6 15. Be3 ({White should play} 15. b4 $14) 15... Qxb2 16. Na4 Nxa4 17. Rxa4 {[%emt 0:00:30] And now R4a2 would win.} Rfc8 {[%emt 0:00:30] [#]} (17... d5 $11 {keeps the balance.}) 18. R1a3 $1 $16 Qb6 {[%emt 0:00:30] [#] Hoping for ...d5.} 19. Nxe6 $1 Qc6 20. Nd4 Qc7 21. Bxa6 Rxa6 22. Rxa6 d5 23. Bf4 Qd7 24. e5 Ne8 25. Ra7 Bxa3 26. Rxa3 Ra8 27. Rxa8 Bxa8 28. Qa5 Bb7 29. g4 (29. h3 $142) 29... Nc7 30. Nf5 (30. Be3 $16) 30... Ne6 31. Bd2 d4 32. Kf2 (32. Qa7 $5 Qc7 33. Qa4 $16 (33. Nxd4 Nxd4 34. Qxd4 Bxf3 $11)) 32... h5 33. h3 Kh7 {[%emt 0:00:30] ...Qc6 is the strong threat.} 34. Nd6 ({Worse is} 34. gxh5 Qc6 35. Nh4 Qxc2 $17) 34... Qc6 {[%emt 0:00:30][%csl LRc2,LRf3] The position is equal.} 35. Nxb7 {[%emt 0:00:30] Active counter play!} hxg4 36. hxg4 Qxb7 37. Qa3 Qb1 38. Qb3 Qh1 39. Qd3+ Kg8 {[%emt 0:00:30] Weighted Error Value: White=0.25 (precise) /Black=0.27 (precise)} 1/2-1/2

[Event "21st Maccabiah GM 2022"]
[Site "?"]
[Date "2022.07.20"]
[Round "7.2"]
[White "Smirin, Ilia"]
[Black "Parkhov, Yair"]
[Result "1-0"]
[ECO "A13"]
[WhiteElo "2601"]
[BlackElo "2468"]
[Annotator "TA"]
[PlyCount "81"]
[EventDate "2022.07.13"]
[EventType "tourn"]
[EventCountry "ISR"]
[SourceTitle "playchess.com"]
[Source "ChessBase"]
[SourceQuality "1"]
[TimeControl "40/5400+30:1800+30"]

1. c4 e6 2. g3 d5 3. Bg2 Nf6 4. Nf3 d4 5. O-O Nc6 6. d3 Bc5 {[%emt 0:00:30] is now debated instead of 6...Be7. A13: English Opening: 1...e6.} 7. e4 $5 {[%emt 0:00:30][%mdl 4] [#] Exploring less charted territory.} (7. Nbd2 $11) 7... e5 $146 ({Predecessor:} 7... dxe3 8. Bxe3 Nd4 9. Nbd2 O-O 10. Rb1 a5 11. Re1 Nxf3+ 12. Nxf3 Bxe3 13. fxe3 c5 14. d4 {½-½ (49) Medvegy,Z (2539)-Margl,R (2264) Ajka 2019}) 8. Na3 h6 {[%emt 0:00:30] Black is slightly better.} 9. Nc2 O-O ({Black should play} 9... a5 $11) 10. a3 (10. b4 $1 $14 Nxb4 11. Nxb4 Bxb4 12. Nxe5) 10... a5 $11 11. b3 Bg4 12. Rb1 Qe7 13. Qd2 b6 14. Nh4 Bd6 15. f4 Bd7 16. Nf5 Bxf5 17. exf5 Qd7 18. fxe5 Bxe5 19. Qd1 Rae8 20. Qf3 $36 {[%emt 0:00:30][%mdl 2048] White is more active.} Nd8 21. b4 {[%emt 0:00:30] Black is on the road to losing.} axb4 22. axb4 c6 23. b5 c5 24. Ra1 Re7 25. g4 Rfe8 {[%emt 0:00:30] [#]} (25... Qd6 $16) 26. g5 $1 $18 hxg5 27. Bxg5 Qd6 28. Qh3 Nb7 (28... Rc7 $142 29. Ra6 Nh7) 29. Qh4 Na5 $2 {[%emt 0:00:30] [#]} (29... Rd7 30. Rf3 Kf8 31. Qh8+ Ng8) 30. Rf3 $1 {[%emt 0:00:30][%cal Bf1f3,Bf3h3,Bh3h2][%mdl 32] Strongly threatening Rh3.} Bxh2+ (30... Rd7 $142 31. Re1 (31. Rh3 Kf8 $18) 31... Bxh2+ 32. Qxh2 Rxe1+ 33. Nxe1 Qxh2+ 34. Kxh2 Nh7) 31. Kh1 {[%emt 0:00:30] Threatens to win with Rh3.} Re2 32. Rh3 Kf8 33. Rxh2 {[%emt 0:00:30] Black must now prevent Qh8+.} Nb3 34. Bxf6 (34. Qh8+ $142 Ke7 35. Ra7+ Kd8 36. Bxf6+ Qxf6 37. Ra8+ Kc7 38. Rxe8 Rxe8 39. Qxe8) 34... Qxf6 35. Qxf6 gxf6 36. Rh8+ Kg7 37. Rxe8 Rxe8 38. Re1 Rh8+ 39. Kg1 Rh5 40. Be4 Nd2 41. Kg2 {[%emt 0:30:30] Weighted Error Value: White=0.30/Black=0.31} 1-0

[Event "21st Maccabiah GM 2022"]
[Site "?"]
[Date "2022.07.20"]
[Round "7.3"]
[White "Kobo, Ori"]
[Black "Yarmonov, Igor"]
[Result "1-0"]
[ECO "B11"]
[WhiteElo "2534"]
[BlackElo "2372"]
[Annotator "TA"]
[PlyCount "32"]
[EventDate "2022.07.13"]
[EventType "tourn"]
[EventCountry "ISR"]
[SourceTitle "playchess.com"]
[Source "ChessBase"]
[SourceQuality "1"]
[TimeControl "40/5400+30:1800+30"]

1. e4 c6 2. Nf3 d5 3. Nc3 dxe4 4. Nxe4 Nf6 5. Qe2 e6 6. Nxf6+ {B11: Caro-Kann: Two Knights Variation.} Qxf6 7. d4 Bd6 8. Bg5 Qf5 9. Qd2 {[#] aiming for Bd3.} Qe4+ 10. Be3 {[#]} ({Much less strong is} 10. Qe2 Qxe2+ 11. Bxe2 O-O $11) 10... b6 $146 ({Predecessor:} 10... Na6 11. a3 f6 12. Bd3 Qd5 13. c4 Qh5 14. Bf4 Bxf4 15. Qxf4 Qa5+ 16. Nd2 Qc7 {1-0 (28) Michelakos,P (2265)-Sidiropoulos,N (2177) Athens 2021}) 11. c4 Na6 {White must now prevent ...Bb4.} 12. a3 {Against Bb4. Strongly threatening Bd3.} c5 13. Bd3 Qb7 (13... Qc6 $142) 14. Qc2 {White is more active.} (14. Rd1 $142) 14... f5 $16 15. d5 O-O {[#]} 16. dxe6 $1 Bxe6 {[%emt 0:17:37] Weighted Error Value: White=0.10 (very precise) /Black=0.19 (very precise)} 1-0

[Event "21st Maccabiah GM 2022"]
[Site "?"]
[Date "2022.07.20"]
[Round "7.4"]
[White "Alekseev, Evgeny"]
[Black "Ginsburg, Gennadi"]
[Result "1-0"]
[ECO "B42"]
[WhiteElo "2601"]
[BlackElo "2400"]
[Annotator "TA"]
[PlyCount "73"]
[EventDate "2022.07.13"]
[EventType "tourn"]
[EventCountry "ISR"]
[SourceTitle "playchess.com"]
[Source "ChessBase"]
[SourceQuality "1"]
[TimeControl "40/5400+30:1800+30"]

1. e4 c5 2. Nf3 e6 3. d4 cxd4 4. Nxd4 a6 5. Bd3 Bc5 6. Nb3 Ba7 7. Qe2 $1 {7.Qe2 scores better than 7.0-0.} Ne7 8. Be3 Nbc6 9. f4 {B42: Sicilian: Kan Variation: 5 Bd3.} O-O 10. Bxa7 Rxa7 11. Nc3 {White is slightly better.} b5 12. O-O-O {[#]} Nb4 $146 (12... b4 $11 13. Na4 d6) ({Predecessor:} 12... Qb6 13. e5 Bb7 14. Be4 Nb4 15. Rd6 Qc7 16. Bxb7 Rxb7 17. Rhd1 Ned5 18. Nxd5 Nxd5 {½-½ (50) Van Delft,M (2340)-Blees,A (2392) Netherlands 2001}) 13. Kb1 (13. Qf2 $14 Rc7 14. a3 Nxd3+ 15. Rxd3) 13... Rc7 (13... Nxd3 $11 14. Rxd3 (14. Qxd3 b4 $11) 14... b4) 14. Qe3 Bb7 15. Rhe1 Qc8 16. g4 d5 17. e5 Nxd3 18. Rxd3 b4 19. Ne2 a5 20. Ng3 (20. Nxa5 $14 Ba6 21. Rd2) 20... Ba6 ({Black should play} 20... Rxc2 $15 21. Rd2 Rxd2 22. Qxd2 Ba6) 21. Rdd1 (21. Rd2 $11) 21... a4 $1 $15 22. Nd4 {aiming for f5.} Nc6 $1 23. Nxc6 ({Better is} 23. Nge2 $15) 23... Rxc6 $17 24. Rc1 b3 (24... Qc7 $17 {White must now prevent ...Rc8.} 25. Ne2 Bxe2 26. Qxe2 Rc8) 25. cxb3 $15 axb3 26. axb3 (26. Qxb3 Bc4 27. Qe3 (27. Qa3 $2 Ra6 $19) 27... Qa6 $17) (26. a3 $1 $11 {keeps the balance.}) 26... Rxc1+ $1 $17 27. Rxc1 Qb7 28. f5 d4 (28... Qb4 $17 {Threatens to win with ...d4.} 29. Rd1 Qxg4) 29. Qxd4 $11 Qxb3 30. Rc7 Rb8 31. fxe6 fxe6 32. Nh5 {[%emt 0:00:30] Active counter play!} Bd3+ 33. Kc1 {[%emt 0:00:30] Really sharp!} Ra8 {[%emt 0:00:30] ( -> ...Ra1+)} 34. Rxg7+ $40 {[%emt 0:00:30][%mdl 128] Black needs to defend precisely.} Kh8 35. Kd2 ({Don't go for} 35. Rc7 $2 Ra1+ 36. Kd2 Rd1+ 37. Ke3 Bc4+ 38. Qc3 Qb6+ 39. Kf4 Qxc7 $19) (35. Qc3 $1 $11 {remains equal.} Qd5 36. Rc7 Ra1+ 37. Kd2 Bg6+ 38. Ke3 Qe4+ 39. Kf2 Bxh5 40. gxh5 (40. Rc8+ Kg7 $17)) 35... Rf8 $2 36. Rf7 $2 Rc8 $4 37. Rc7 $2 {[%emt 0:00:30] Weighted Error Value: White=0.53/Black=0.27 (precise)} 1-0

[Event "21st Maccabiah GM 2022"]
[Site "?"]
[Date "2022.07.20"]
[Round "7.5"]
[White "Gruenfeld, Yehuda"]
[Black "Postny, Evgeny"]
[Result "0-1"]
[ECO "C95"]
[WhiteElo "2426"]
[BlackElo "2564"]
[Annotator "TA"]
[PlyCount "118"]
[EventDate "2022.07.13"]
[EventType "tourn"]
[EventCountry "ISR"]
[SourceTitle "playchess.com"]
[Source "ChessBase"]
[SourceQuality "1"]
[TimeControl "40/5400+30:1800+30"]

1. e4 e5 2. Nf3 Nc6 3. Bb5 a6 4. Ba4 Nf6 5. O-O Be7 6. Re1 b5 7. Bb3 d6 8. c3 O-O 9. h3 Nb8 10. d4 Nbd7 11. Nbd2 Bb7 12. Bc2 c5 13. d5 {13.d5 scores better than 13.Nf1.} c4 {C95: Closed Ruy Lopez: Breyer Variation with 10 d4.} 14. Nf1 Qc7 15. Ng3 g6 {Prevents Nf5. The position is equal.} 16. Bh6 Rfb8 17. Qd2 a5 18. a3 (18. Rf1 b4 19. Ng5 Ba6 20. f4 bxc3 21. bxc3 Rb2 22. Kh2 Qd8 23. Rf2 Rab8 24. Nf3 Nc5 25. Qe3 Nfd7 26. fxe5 dxe5 {0-1 (79) Gruenfeld,Y (2412)-Postny,E (2605) Jerusalem 2021}) 18... Ba6 19. Nh2 {[#]} Kh8 $146 ({Predecessor:} 19... Nc5 20. f4 exf4 21. Qxf4 Ncd7 22. Nf5 Bf8 23. Bxf8 Rxf8 24. Qxd6 Qa7+ 25. Nd4 Rad8 {1-0 (38) Shubin,K (2429)-Obolenskikh,D (2544) Chess.com INT 2020}) 20. Kh1 Nc5 21. Bg5 (21. Rf1 {looks sharper.} b4 22. cxb4 axb4 23. axb4 c3 24. bxc3 Bxf1 25. Rxa8 Rxa8 26. Nhxf1 Na4 27. Ne2) 21... Qd8 22. f4 Ng8 23. Bxe7 Qxe7 24. Nf3 f6 25. Rad1 Ra7 26. Rf1 Rab7 27. fxe5 dxe5 28. d6 ({Better is} 28. Ra1 $11) 28... Qd8 $15 29. Qd5 Nd7 30. Rf2 Nb6 31. Qc5 {[%emt 0:00:30][%cal Of3e5] [#] Hoping for Nxe5!} Rc8 $1 32. Qe3 Rd7 33. Rfd2 (33. h4 $15) 33... Rc6 $17 34. Nf1 Rcxd6 35. Qc5 Rxd2 36. Rxd2 Rxd2 37. N3xd2 {[%emt 0:00:30] [#]} (37. N1xd2 $17 Nc8 38. g4) 37... Nc8 (37... a4 $1 $19 38. Nf3 Nc8) 38. a4 Qd6 39. Qf2 ({White should play} 39. Qxd6 Nxd6 40. Ne3) 39... b4 40. Ne3 Qc5 (40... b3 $142 41. Bd1 Nb6) 41. Bd1 (41. cxb4 $142 axb4 42. Kg1) 41... Nb6 42. Ng4 Qxf2 43. Nxf2 bxc3 44. bxc3 Nh6 45. Be2 (45. Kh2 $142) 45... Nxa4 $19 46. Bxc4 Bb7 47. Nd1 Nc5 48. Bd5 Kg7 49. Nc4 a4 50. Ndb2 Bxd5 51. exd5 {[%emt 0:00:30][%mdl 4096] Endgame KNN-KNN} Nf5 52. Na3 Ng3+ 53. Kh2 Ne2 54. c4 (54. Nb5 {keeps fighting.}) 54... f5 55. g3 Kf6 56. Kg2 e4 57. Kf2 Nd4 {[%emt 0:00:30] Black is clearly winning.} 58. Ke3 (58. h4 $142) 58... Ke5 {[%emt 0:00:30] And now ...g5 would win.} 59. h4 h6 {[%emt 0:00:30] Weighted Error Value: White=0.34/Black=0.13 (very precise)} 0-1

[Event "21st Maccabiah GM 2022"]
[Site "?"]
[Date "2022.07.21"]
[Round "8.1"]
[White "Dvoirys, Semen I."]
[Black "Postny, Evgeny"]
[Result "0-1"]
[ECO "C45"]
[WhiteElo "2439"]
[BlackElo "2564"]
[Annotator "TA"]
[PlyCount "42"]
[EventDate "2022.07.13"]
[EventType "tourn"]
[EventCountry "ISR"]
[SourceTitle "playchess.com"]
[Source "ChessBase"]
[SourceQuality "1"]
[TimeControl "40/5400+30:1800+30"]

1. e4 e5 2. Nf3 Nc6 3. d4 exd4 4. Nxd4 Bb4+ 5. c3 Bc5 6. Be3 Bb6 {[%emt 0:00:15] C45: Scotch Game.} 7. Nd2 Nf6 {[%emt 0:01:11] Inhibits Qg4.} 8. Bd3 d5 $5 {[%emt 0:10:20][%mdl 4] The position is equal. Exploring less charted territory.} 9. Nxc6 bxc6 10. Qe2 (10. Bg5 $11 {deserves consideration.}) 10... O-O $1 $15 11. O-O-O Ng4 $1 {[%emt 0:07:04] [#]} 12. Bxb6 $146 ({Predecessor:} 12. Nf3 Qe8 13. Bxb6 axb6 14. h3 Nf6 15. e5 Ne4 16. Kb1 Bf5 17. g4 Bg6 18. h4 {0-1 (25) Noritsyn,S (2074)-Dukic,Z (2020) Aurora 2017}) 12... axb6 13. Kb1 {[%emt 0:00:21] [#]} Re8 (13... d4 $1 $17 {[%cal Rd4c3] White must now prevent ...dxc3.} 14. h3 Ne5) 14. f4 dxe4 15. Nxe4 Be6 {[%emt 0:24:25] Strongly threatening ...f5.} 16. c4 (16. a3 $1 $11) 16... Bf5 {[%emt 0:10:41] aiming for ...Qd4.} (16... Qd4 $5 17. Rhe1 f5 $17) 17. Rhe1 Re6 {[%emt 0:00:56] Threatens to win with ...Qe7.} (17... h5 $5 ) 18. Qc2 (18. h3 $11 Nf6 19. Nxf6+ Qxf6 20. Qc2 Bxd3 21. Qxd3) 18... Qd4 $17 {[%emt 0:03:04] And now ...Ne3 would win.} 19. h3 $2 ({Much weaker is} 19. Nf6+ Qxf6 20. Bxf5 Ne3 21. Rxe3 (21. Bxh7+ $2 Kf8 $19) 21... Rxe3 22. Bxh7+ Kf8) (19. Qc3 $17 Qxc3 20. bxc3) 19... Ne3 $19 20. Rxe3 Qxe3 21. Ng5 {[%emt 0:00:02] [#]} Qxd3 $3 {[%emt 0:01:05][%mdl 512] Weighted Error Value: White=0.51/Black=0.11 (very precise)} 0-1

[Event "21st Maccabiah GM 2022"]
[Site "?"]
[Date "2022.07.21"]
[Round "8.2"]
[White "Ginsburg, Gennadi"]
[Black "Gruenfeld, Yehuda"]
[Result "1/2-1/2"]
[ECO "C68"]
[WhiteElo "2400"]
[BlackElo "2426"]
[Annotator "TA"]
[PlyCount "80"]
[EventDate "2022.07.13"]
[EventType "tourn"]
[EventCountry "ISR"]
[SourceTitle "playchess.com"]
[Source "ChessBase"]
[SourceQuality "1"]
[TimeControl "40/5400+30:1800+30"]

1. e4 e5 2. Nf3 Nc6 3. Bb5 a6 4. Bxc6 dxc6 5. Nc3 f6 6. d4 exd4 7. Nxd4 c5 8. Nde2 Qxd1+ 9. Nxd1 Be6 10. Bf4 O-O-O 11. Ne3 Ne7 12. Rd1 Rxd1+ 13. Kxd1 g5 ({Much less strong is} 13... Bxa2 14. b3 $14) 14. Bg3 {[%emt 0:02:22] C68: Ruy Lopez: Exchange Variation, sidelines.} f5 {[%emt 0:00:37] ...f4 is the strong threat.} ({Don't do} 14... Bxa2 15. b3 $16) 15. Be5 Rg8 16. exf5 {[%emt 0:08:41] The position is equal.} Nxf5 17. Nxf5 Bxf5 {[%emt 0:00:09] [#]} 18. Nc3 $146 ({Predecessor:} 18. Re1 Bh6 19. f3 g4 20. f4 Rd8+ 21. Kc1 Rd5 22. Bf6 Rd6 23. Bc3 Re6 24. g3 {1-0 (42) Mastrovasilis,D (2618)-Denny,K (2304) Istanbul 2012}) 18... Bh6 {[%emt 0:02:58] [#] Strongly threatening ...Rd8+.} 19. f3 $1 Rd8+ 20. Kc1 Re8 21. Bg3 g4+ 22. Kb1 gxf3 23. gxf3 Re3 24. a4 Bg7 ({Black should try} 24... Rxf3 $17 25. Re1 Bf4 26. Bxf4 Rxf4) 25. Re1 $15 Rxe1+ 26. Bxe1 {[%emt 0:00:12][%mdl 4096] Endgame KBB-KBN} Be5 27. Bg3 Bxc3 28. bxc3 {[%emt 0:00:04] KB-KB} a5 29. Kb2 c4 30. Bh4 Bd7 31. Ka3 Bc6 32. f4 Be4 33. Kb2 Bf5 34. Bg5 Kd7 35. Bf6 h5 36. Bg5 c6 37. Bh4 b5 38. Bg5 bxa4 39. Ka3 Bxc2 40. f5 Bxf5 {Weighted Error Value: White=0.04 (flawless) /Black=0.05 (flawless)} 1/2-1/2